 Dungeon Crawl Stone Soup version 0.30.0-19-g36f170ea60 (webtiles) character file.

Game seed: 8576180342553829750

182046 growler the Sensei (level 18, -37/162 HPs)
             Began as a Merfolk Transmuter on May 28, 2023.
             Was the Champion of Wu Jian.
             Annihilated by a boulder beetle (45 damage)
             ... on level 4 of the Spider Nest on May 30, 2023.
             The game lasted 02:06:04 (42132 turns).

growler the Sensei (Merfolk Transmuter)            Turns: 42132, Time: 02:06:04

Health: -37/162    AC:  9    Str: 11      XL:     18   Next: 32%
Magic:  0/25       EV: 17    Int: 15      God:    Wu Jian [******]
Gold:   3592       SH:  0    Dex: 17 (19) Spells: 5/26 levels left

rFire   + .          .
                       - Unarmed
rCold   + + .        (shield currently unavailable)
rNeg    . . .        F - +2 robe {Will+}
rPois   .            d - +1 helmet
rElec   +            K - +1 cloak {rC+}
rCorr   +            R - melded +0 pair of gloves {Str+3}
SInv    +            m - +0 pair of boots
Will    +++..        Q - amulet of Suspicion {Spirit +Blink rElec Will+}
Stlth   +++          L - ring of see invisible
HPRegen 0.47/turn    H - ring of resist corrosion
MPRegen 0.19/turn

%: guardian spirit
@: exhausted, blade hands, on blink cooldown, studying Air Magic
A: (nimble swimmer 2), mertail, cold resistance 1, fire resistance 1
a: End Transformation, Renounce Religion, Evoke Blink, Wall Jump, Serpent's
Lash, Heavenly Storm


You were on level 4 of the Spider Nest.
You worshipped Wu Jian.
Wu Jian was exalted by your worship.
You had blades for hands.
You visited 6 branches of the dungeon, and saw 30 of its levels.
You visited the Abyss 1 time.
You also visited: Sewer and Ice Cave.

You collected 3592 gold pieces.

Inventory:

Missiles
 I - 9 throwing nets
Armour
 d - a +1 helmet (worn)
 m - a +0 pair of boots (worn)
 F - a +2 robe of willpower (worn)
 K - a +1 cloak of cold resistance (worn)
 R - a +0 pair of gloves of strength (melded)
 W - a +2 kite shield
Jewellery
 r - an amulet of reflection
 A - a ring of protection from fire
 D - a ring of protection from cold
 E - a ring of positive energy
 H - a ring of resist corrosion (right blade hand)
 J - a +6 ring of strength
 L - a ring of see invisible (left blade hand)
 Q - the amulet of Suspicion (around neck) {Spirit +Blink rElec Will+}
   (You found it on level 5 of the Lair of Beasts)

   [amulet of guardian spirit]

   It causes incoming damage to be divided between your reserves of health and
   magic.
   rElec:     It insulates you from electricity.
   +Blink:    It lets you blink.
   Will:      It increases your willpower.
 U - a ring of positive energy
 X - an amulet of regeneration
 Y - a ring of positive energy
 Z - an amulet of the acrobat
Wands
 s - a wand of mindburst (46)
 G - a wand of flame (39)
 M - a wand of digging (20)
 N - a wand of iceblast (11)
 T - a wand of polymorph (2)
 V - a wand of charming (9)
Scrolls
 a - 2 scrolls of silence
 c - 2 scrolls of enchant weapon
 e - 3 scrolls of poison
 f - 2 scrolls of enchant armour
 g - 6 scrolls of fear
 i - 2 scrolls of torment
 j - 14 scrolls of teleportation
 l - a scroll of blinking
 q - 7 scrolls of identify
 t - 7 scrolls of vulnerability
 v - 8 scrolls of amnesia
 w - 5 scrolls of magic mapping
 y - 5 scrolls of fog
 B - 5 scrolls of immolation
Potions
 b - 3 potions of lignification
 h - 3 potions of invisibility
 k - 5 potions of flight
 n - 2 potions of attraction
 o - 9 potions of curing
 p - 4 potions of brilliance
 u - 5 potions of haste
 x - 5 potions of heal wounds
 z - 7 potions of mutation
 P - 3 potions of might
 S - 5 potions of magic


   Skills:
 - Level 20.0 Fighting
 - Level 9.0 Dodging
 - Level 6.0 Stealth
 + Level 21.8 Unarmed Combat
 + Level 4.9 Spellcasting
 + Level 14.1 Transmutations
 - Level 4.0 Ice Magic
 + Level 6.3 Earth Magic
 - Level 8.0 Evocations


You had 5 spell levels left.
You knew the following spells:

 Your Spells              Type           Power      Damage    Failure   Level
a - Beastly Appendage     Tmut           92%        N/A       5%          1
b - Wereblood             Tmut           46%        N/A       6%          2
c - Spider Form           Tmut/Pois      24%        N/A       24%         3
d - Ice Form              Ice/Tmut       30%        N/A       30%         4
e - Blade Hands           Tmut           23%        N/A       17%         5
f - Statue Form           Tmut/Erth      22%        N/A       78%         6

Your spell library contained the following spells:

 Spells                   Type           Power      Damage    Failure   Level
 Passwall                 Tmut/Erth      28%        N/A       11%         2
 Sting                    Tmut/Pois      96%        1d7       14%         1
 Freeze                   Ice            60%        1d7       26%         1
 Frozen Ramparts          Ice            30%        1d5       45%         3
 Ensorcelled Hibernation  Hex/Ice        18%        N/A       47%         2
 Stone Arrow              Conj/Erth      26%        3d8       54%         3
 Apportation              Tloc           6%         N/A       58%         1
 Kiss of Death            Conj/Necr      12%        2d6       58%         1
 Magic Dart               Conj           12%        1d3       58%         1
 Necrotise                Necr           12%        1d4       58%         1
 Summon Small Mammal      Summ           12%        N/A       58%         1
 Hailstorm                Conj/Ice       9%         3d4       65%         3
 Call Imp                 Summ           6%         N/A       69%         2
 Irradiate                Conj/Tmut      12%        3d15      69%         5
 Yara's Violent Unravell  Hex/Tmut       12%        3d7       69%         5
 Lee's Rapid Deconstruct  Erth           11%        3d8*      75%         5
 Animate Armour           Summ/Erth      26%        N/A       82%         4
 Leda's Liquefaction      Hex/Erth       6%         N/A       82%         4
 Call Canine Familiar     Summ           3%         N/A       85%         3
 Confusing Touch          Hex            3%         N/A       85%         3
 Gell's Gravitas          Tloc           3%         N/A       85%         3
 Mephitic Cloud           Conj/Pois/Air  3%         N/A       85%         3
 Portal Projectile        Hex/Tloc       6%         N/A       85%         3
 Swiftness                Air            3%         N/A       85%         3
 Teleport Other           Tloc           3%         N/A       85%         3
 Tukima's Dance           Hex            3%         N/A       85%         3
 Volatile Blastmotes      Fire/Tloc      6%         2d10      85%         3
 Anguish                  Hex/Necr       1%         N/A       99%         4
 Cause Fear               Hex            1%         N/A       99%         4
 Dispel Undead            Necr           3%         3d7       99%         4
 Fulminant Prism          Conj/Hex       1%         3d5       99%         4
 Iskenderun's Mystic Bla  Conj/Tloc      3%         2d3       99%         4
 Passage of Golubria      Tloc           3%         N/A       99%         4
 Dispersal                Tloc           1%         N/A       100%        6
 Iron Shot                Conj/Erth      6%         9d2       100%        6
 Enfeeble                 Hex            1%         N/A       100%        7
 Lehudib's Crystal Spear  Conj/Erth      6%         10d3      100%        8


Dungeon Overview and Level Annotations

Branches:
Dungeon (15/15)            Temple (1/1) D:4            Lair (5/5) D:8
 Shoals (3/4) Lair:3       Spider (4/4) Lair:3        Slime (0/5) Lair:4
    Orc (2/2) D:10            Elf (0/3) Orc:2        Vaults (0/5) D:13
 Depths (0/4) D:15          Sewer (visited)           IceCv (visited)

Altars:
Ashenzari
Cheibriados
Dithmenos
Elyvilon
Fedhas
Gozag
Hepliaklqana
Kikubaaqudgha
Makhleb
Nemelex Xobeh
Okawaru
Qazlal
Ru
Sif Muna
Trog
Uskayaw
Vehumet
Wu Jian
Xom
Yredelemnul
Zin
The Shining One
Jiyva
Lugonu

Shops:
D:2 *   Orc:1 !   Orc:2 [[(?(

Portals:
Abyss: Lair:5

Annotations:
D:5 3 runed translucent doors, OldManVictorn's ghost, weakling GnDe; banonogon's ghost, novice HORe; hexenhour's ghost, novice MiFi
D:8 1 runed translucent door
D:10 2 transporters
Shoals:3 3 runed translucent doors, Fab Sab's ghost, adept DsFi; Kof Pipt's ghost, adept DsHu; ShutUppercut's ghost, adept SpEn
Spider:1 1 runed translucent door, cdecastro's ghost, adept HOFi


Innate Abilities, Weirdness & Mutations

You have blades for hands.
Your spellcasting is less reliable in this form.
You are incapable of wielding weapons or throwing items.
((You are very nimble when in or above water. (Stealth+, EV+, Speed+++)))
Your lower body shifts to a powerful aquatic tail in water.
Your flesh is cold resistant. (rC+)
Your flesh is heat resistant. (rF+)


Message History

The demonic crawler closely misses you. The demonic crawler hits you.
* * * LOW HITPOINT WARNING * * *
The meliai hits you with a +0 hand axe.
* * * LOW HITPOINT WARNING * * *
The meliai stings you.
* * * LOW HITPOINT WARNING * * *
You blink.
The meliai invokes the aid of its god against you.
Something smites you!
* * * LOW HITPOINT WARNING * * *
The boulder beetle curls into a ball and begins rolling!
You hear an angry buzzing noise.
A meliai comes into view. It is wielding a +0 hand axe.
The meliai invokes the aid of its god against you.
Something smites you!
* * * LOW HITPOINT WARNING * * *
Your muscles tense, ready for explosive movement...
You lunge with incredible momentum at the spark wasp, in a flurry of attacks.
You shred the spark wasp!!!
The spark wasp is severely wounded.
You slice the spark wasp!!
You kill the spark wasp!
The Council accepts your kill.
You feel your strength returning.
You spin and attack the meliai repeatedly, with incredible momentum.
You slice the meliai!!
The meliai is severely wounded.
You hit the meliai.
The meliai is almost dead.
Your supernatural speed expires.
Unknown command.
You spin and attack the meliai repeatedly.
You barely miss the meliai.
The meliai is almost dead.
You completely miss the meliai. You slash the meliai.
You kill the meliai!
The Council accepts your kill.
A steelbarb worm comes into view.
The boulder beetle hits you!!!
You die...

.....^#.....#.#............†...^#
.##......##.†.........#....†...#.
.........^...........^.........†.
.........##..........#....#.##...
...^......................###.^..
#^##......##...........####.##...
####...#....................#...^
#...##...#.○.......#..........
#^..##.....s.@........^...#...
##^##.#.!..†BB..#.....[.....##
####.........○.....^.#..#....
##.###..)s.°...####<...#.. ##
##.yB....## #..†#^.^ ##/....##
###.^... ##...## ##..... #w..#
#...... .... #...##.


You could see an emperor scorpion, a radroach, a boulder beetle (rolling), a
steelbarb worm, a demonic crawler, a pharaoh ant and a meliai.

Vanquished Creatures
  6 krakens
  2 tentacled starspawn (Abyss:2)
  Roxanne (Shoals:1)
  5 ghost moths
  An orc warlord (Orc:1)
  A reaper (IceCv)
  An emperor scorpion (Spider:3)
  A dire elephant (D:15)
  4 spark wasps
  2 merfolk javelineers
  4 entropy weavers
  2 merfolk impalers
  A spectral kraken (Shoals:1)
  Harold (D:9)
  2 merfolk avatars
  2 radroaches
  5 hydras
  A catoblepas (Lair:3)
  An ogre mage (D:13)
  11 boulder beetles
  2 ghost crabs (Shoals:1)
  2 jorogumos
  6 centaur warriors
  A merfolk aquamancer (Shoals:1)
  An alligator snapping turtle (Shoals:3)
  3 two-headed ogres
  2 death knights
  Erica (Lair:2)
  2 satyrs (Shoals:3)
  3 orc high priests (Orc:2)
  A death scarab (Spider:3)
  2 tengu warriors (D:14)
  2 thrashing horrors (Lair:5)
  Sonja (Lair:1)
  A skyshark (shapeshifter) (D:15)
  3 pharaoh ants
  Amaemon (Lair:3)
  6 skysharks
  A storm dragon skeleton (Abyss:2)
  7 sea snakes
  A sun moth (Spider:1)
  A skeletal warrior (D:13)
  5 orb spiders
  4 steelbarb worms
  9 orc knights
  A phantasmal warrior (D:14)
  7 starcursed masses (Abyss:2)
  Pikel (D:7)
  2 deep elf pyromancers (D:15)
  5 orc sorcerers
  19 wolf spiders
  An oklob plant (Lair:2)
  4 harpies (Shoals:2)
  8 manticores
  A salamander (D:15)
  10 ugly things
  A cyclops (D:12)
  17 fauns
  9 merfolk sirens
  3 spectral merfolk (Shoals:1)
  2 moths of wrath
  2 black mambas
  2 ice statues (IceCv)
  5 water nymphs
  2 smoke demons (Lair:5)
  11 demonic crawlers
  9 elephants
  3 torpor snails
  2 spectral sea snakes (Shoals:1)
  2 gargoyles (D:12)
  4 cane toads
  3 centaur skeletons (D:13)
  An orange demon (Lair:3)
  An unseen horror (D:11)
  6 kobold demonologists
  7 komodo dragons
  5 yaktaurs (D:13)
  4 rime drakes
  3 freezing wraiths (D:14)
  3 ancient zymes
  2 spectral harpies (Shoals:1)
  6 ice devils (IceCv)
  2 tengu conjurers (D:14)
  16 merfolk
  4 meliai (Spider:4)
  5 trolls
  A polar bear (Lair:1)
  6 tarantellas
  3 wind drakes
  A raiju (Abyss:2)
  4 tyrant leeches (Spider:2)
  2 spectral manticores (Shoals:1)
  29 blink frogs
  2 snapping turtles
  14 jumping spiders
  8 slime creatures
  19 culicivoras
  5 large abominations
  A centaur simulacrum (D:15)
  A shadow (D:10)
  A spriggan (Lair:5)
  6 water elementals
  2 spectral wind drakes (Shoals:1)
  6 wyverns
  A ynoxinul (Lair:5)
  2 dire elephant simulacra (IceCv)
  18 yaks
  A vampire (D:11)
  7 basilisks
  4 wraiths
  4 chaos spawn
  7 vampire mosquitoes
  A steam dragon (D:9)
  49 redbacks
  6 wargs
  A warg (shapeshifter) (D:14)
  An acid dragon (D:8)
  A death yak simulacrum (IceCv)
  2 hydra simulacra (IceCv)
  2 hell hounds (Lair:1)
  9 water moccasins
  30 orc warriors
  A swamp drake (D:10)
  A black bear (Lair:5)
  6 ogres
  4 boggarts (Lair:5)
  31 wolves
  15 centaurs
  5 kobold brigands
  A phantom (D:4)
  12 bullfrogs
  2 cane toad simulacra (IceCv)
  2 scorpions (D:4)
  5 two-headed ogre simulacra (IceCv)
  10 wights
  2 elephant simulacra (IceCv)
  7 killer bees (D:8)
  9 howler monkeys
  2 electric eels
  8 hounds
  29 orc priests
  A jelly (D:6)
  A gnoll bouda (D:6)
  An iron imp (Abyss:2)
  4 sleepcaps
  Natasha (thrice) (D:2)
  6 iguanas
  24 orc wizards
  A polar bear simulacrum (IceCv)
  A spriggan simulacrum (IceCv)
  A boggart skeleton (D:13)
  15 small abominations
  3 troll simulacra (IceCv)
  4 gnolls (D:6)
  13 adders
  2 naga simulacra (IceCv)
  5 river rats (Sewer)
  16 white imps
  An ufetubus (Abyss:2)
  5 worms
  3 dart slugs
  94 orcs
  13 ball pythons
  6 bats
  8 endoplasms
  6 giant cockroaches
  9 goblins
  9 hobgoblins
  7 jackals
  6 quokkas
  8 frilled lizards
  A goblin skeleton (D:8)
  23 kobolds
  A kobold skeleton (D:8)
  28 rats
  3 starspawn tentacles (Abyss:2)
  22 tentacles
1086 creatures vanquished.

Vanquished Creatures (others)
  A starspawn tentacle (Abyss:2)
  25 tentacles
26 creatures vanquished.

Grand Total: 1112 creatures vanquished

Notes
Turn   | Place    | Note
-------+----------+-------------------------------------------
     0 | D:1      | growler the Merfolk Transmuter began the quest for the Orb.
     0 | D:1      | Reached XP level 1. HP: 15/15 MP: 3/3
   175 | D:1      | Reached XP level 2. HP: 21/21 MP: 3/5
   219 | D:1      | Learned a level 2 spell: Wereblood
   764 | D:2      | Reached XP level 3. HP: 6/26 MP: 6/6
   852 | D:2      | Learned a level 3 spell: Spider Form
  1284 | D:2      | Reached skill level 4 in Unarmed Combat
  1284 | D:2      | Reached XP level 4. HP: 23/32 MP: 5/8
  1526 | D:2      | Found Bisem's General Store.
  1691 | D:2      | Noticed Natasha
  1698 | D:2      | Killed Natasha
  1770 | D:2      | Noticed Natasha
  1780 | D:2      | Killed Natasha
  1781 | D:2      | Reached skill level 5 in Unarmed Combat
  1781 | D:2      | Reached XP level 5. HP: 22/37 MP: 3/9
  1938 | D:2      | Learned a level 4 spell: Ice Form
  1967 | D:2      | Noticed Natasha
  1981 | D:2      | Killed Natasha
  2303 | D:3      | Found a snail-covered altar of Cheibriados.
  2314 | D:3      | Found a glowing golden altar of the Shining One.
  2314 | D:3      | Found a shimmering altar of Xom.
  2316 | D:3      | Found a snail-covered altar of Cheibriados.
  2316 | D:3      | Found an ornate altar of the Wu Jian Council.
  2316 | D:3      | Found a shimmering altar of Xom.
  2632 | D:3      | Found a faded altar of an unknown god.
  3079 | D:4      | Found a staircase to the Ecumenical Temple.
  3088 | Temple   | Entered the Ecumenical Temple
  3318 | D:4      | Reached skill level 6 in Unarmed Combat
  3318 | D:4      | Reached XP level 6. HP: 22/43 MP: 5/10
  3324 | D:4      | HP: 2/64 [orc/+0 trident (5)]
  3334 | D:4      | Reached skill level 7 in Unarmed Combat
  3849 | D:4      | Reached XP level 7. HP: 48/48 MP: 11/11
  3965 | D:4      | Gained mutation: Your flesh is cold resistant. (rC+)
                  | [potion of mutation]
  3965 | D:4      | Gained mutation: Your flesh is heat resistant. (rF+)
                  | [potion of mutation]
  4404 | D:5      | Entered Level 5 of the Dungeon
  4420 | D:5      | Found a runed translucent gate.
  4420 | D:5      | Found a runed translucent gate.
  4420 | D:5      | Found a runed translucent gate.
  4460 | D:5      | Reached skill level 8 in Unarmed Combat
  4682 | D:5      | Found a glowing drain.
  4708 | Sewer    | Entered a sewer
  4905 | Sewer    | Reached skill level 9 in Unarmed Combat
  5112 | Sewer    | Reached XP level 8. HP: 42/54 MP: 12/12
  5260 | D:4      | Reached skill level 10 in Unarmed Combat
  5585 | D:5      | Noticed hexenhour's ghost (novice MiFi)
  5586 | D:5      | Noticed banonogon's ghost (novice HORe)
  5586 | D:5      | Noticed OldManVictorn's ghost (weakling GnDe)
  5686 | D:5      | Reached skill level 1 in Ice Magic
  5716 | D:5      | Found a snail-covered altar of Cheibriados.
  5725 | D:5      | Found an ornate altar of the Wu Jian Council.
  5802 | D:5      | Became a worshipper of the Wu Jian Council
  6205 | D:6      | Found a shadowy altar of Dithmenos.
  6309 | D:6      | Identified the +9 hand axe of Transparent Judgement {venom,
                  | Str+3}
  6817 | D:6      | Reached skill level 5 in Transmutations
  6871 | D:6      | Found an iron altar of Okawaru.
  7503 | D:7      | Reached XP level 9. HP: 51/64 MP: 9/14
  7659 | D:7      | Reached * piety under Wu Jian
  7798 | D:7      | Found a sacrificial altar of Ru.
  8293 | D:7      | Noticed Pikel
  8307 | D:7      | Killed Pikel
  8308 | D:7      | Reached skill level 5 in Fighting
  8308 | D:7      | Reached skill level 11 in Unarmed Combat
  8828 | D:8      | Reached skill level 1 in Stealth
  9341 | D:8      | Found a stormy altar of Qazlal.
  9342 | D:8      | Found a burning altar of Makhleb.
  9370 | D:8      | Found a staircase to the Lair.
  9382 | D:8      | Found a runed translucent door.
  9389 | D:8      | Found a basalt altar of Yredelemnul.
  9476 | D:8      | Reached XP level 10. HP: 76/76 MP: 12/16
  9570 | D:8      | Reached ** piety under Wu Jian
  9848 | D:9      | Noticed a two-headed ogre
 10141 | D:9      | Reached skill level 5 in Dodging
 10353 | D:9      | Noticed Harold
 10363 | D:9      | Killed Harold
 10523 | D:9      | Killed a two-headed ogre
 10524 | D:9      | Reached skill level 5 in Stealth
 10524 | D:9      | Reached skill level 12 in Unarmed Combat
 10833 | D:9      | Reached XP level 11. HP: 37/85 MP: 10/17
 11482 | D:10     | Entered Level 10 of the Dungeon
 11601 | D:10     | Noticed an ogre mage
 11602 | D:10     | Noticed an ogre mage
 11671 | D:10     | Reached *** piety under Wu Jian
 11773 | D:10     | Noticed a two-headed ogre
 11775 | D:10     | Noticed a cyclops
 11842 | D:10     | Found a transporter.
 11842 | D:10     | Found a transporter.
 12194 | D:10     | Found an opulent altar of Gozag.
 12195 | D:10     | Found a glowing silver altar of Zin.
 12241 | D:10     | Found a staircase to the Orcish Mines.
 12319 | D:11     | Noticed a boulder beetle
 12386 | D:11     | Killed a boulder beetle
 12387 | D:11     | Reached skill level 13 in Unarmed Combat
 13151 | D:11     | Reached **** piety under Wu Jian
 13535 | Lair:1   | Entered Level 1 of the Lair of Beasts
 13554 | Lair:1   | Learned a level 5 spell: Blade Hands
 13599 | Lair:1   | Found a frozen archway.
 13617 | IceCv    | Entered an ice cave
 14239 | IceCv    | Reached skill level 10 in Fighting
 14239 | IceCv    | Reached XP level 12. HP: 82/97 MP: 16/18
 14416 | IceCv    | Noticed a reaper
 14437 | IceCv    | Killed a reaper
 14438 | IceCv    | Reached skill level 14 in Unarmed Combat
 15251 | Lair:1   | Noticed Sonja
 15255 | Lair:1   | Killed Sonja
 15818 | Lair:2   | Noticed an eight-headed hydra
 15829 | Lair:2   | Killed an eight-headed hydra
 15868 | Lair:2   | Found a radiant altar of Vehumet.
 16044 | Lair:2   | Reached skill level 10 in Transmutations
 16160 | Lair:2   | Noticed Erica
 16167 | Lair:2   | Killed Erica
 16523 | Lair:2   | Reached skill level 15 in Unarmed Combat
 16761 | Lair:3   | Reached XP level 13. HP: 92/108 MP: 14/19
 17053 | Lair:3   | Noticed Amaemon
 17063 | Lair:3   | Killed Amaemon
 17202 | Lair:3   | Reached skill level 16 in Unarmed Combat
 17368 | Lair:3   | Reached ***** piety under Wu Jian
 17550 | Lair:3   | Found a staircase to the Shoals.
 18014 | Lair:3   | Found a hole to the Spider Nest.
 18415 | Lair:4   | Found a staircase to the Slime Pits.
 18415 | Lair:4   | Found a viscous altar of Jiyva.
 19193 | Lair:5   | Entered Level 5 of the Lair of Beasts
 19654 | Lair:5   | Reached skill level 17 in Unarmed Combat
 19666 | Lair:5   | Reached XP level 14. HP: 121/121 MP: 16/20
 20038 | Lair:5   | Reached skill level 15 in Fighting
 20227 | Lair:5   | Found a corrupted altar of Lugonu.
 20227 | Lair:5   | Found a one-way gate to the infinite horrors of the Abyss.
 20238 | Lair:5   | Identified the amulet of Suspicion {Spirit +Blink rElec
                  | Will+}
 21277 | Orc:1    | Entered Level 1 of the Orcish Mines
 21288 | Orc:1    | Reached ****** piety under Wu Jian
 21306 | Orc:1    | Reached skill level 18 in Unarmed Combat
 21511 | Orc:1    | Found Nuafu's Distillery.
 21584 | Orc:1    | Noticed an orc warlord
 21595 | Orc:1    | Killed an orc warlord
 21828 | Orc:2    | Entered Level 2 of the Orcish Mines
 21828 | Orc:2    | Found a staircase to the Elven Halls.
 22234 | Orc:2    | Reached skill level 1 in Evocations
 22809 | Orc:2    | Found Sonekhleery's Weapon Shoppe.
 22849 | Abyss:2  | Cast into level 2 of the Abyss (orc knight)
 22856 | Abyss:2  | Found a corrupted altar of Lugonu.
 22861 | Abyss:2  | Noticed a starcursed mass
 22915 | Abyss:2  | Noticed a starcursed mass
 22925 | Abyss:2  | Killed a starcursed mass
 22947 | Abyss:2  | Noticed a tentacled starspawn
 22952 | Abyss:2  | Killed a tentacled starspawn
 23036 | Abyss:2  | Noticed a starcursed mass
 23232 | Abyss:2  | Noticed a tentacled starspawn
 23238 | Abyss:2  | Killed a tentacled starspawn
 23239 | Abyss:2  | Reached XP level 15. HP: 71/131 MP: 15/21
 23241 | Orc:2    | Escaped the Abyss
 23679 | Orc:2    | Reached skill level 5 in Evocations
 23889 | Orc:2    | Found Riral's Magic Scroll Emporium.
 23889 | Orc:2    | Found Rank's Antique Weapon Boutique.
 23895 | Orc:2    | Found Daegh's Antique Armour Boutique.
 23895 | Orc:2    | Found Uxibexopn's Armour Emporium.
 24471 | D:12     | Identified the +0 leather armour "Xuixifed" {rC- Dex+5}
 24795 | D:12     | Reached skill level 19 in Unarmed Combat
 25404 | D:13     | Found a gate leading to a gauntlet.
 25417 | D:13     | You fall into a shaft and drop 2 floors!
 25417 | D:15     | Entered Level 15 of the Dungeon
 27036 | D:13     | Found a gate to the Vaults.
 27376 | D:14     | Found a corrupted altar of Lugonu.
 27881 | D:14     | Found a hazy altar of Hepliaklqana.
 28229 | D:15     | Identified the +1 robe "Zuirek" {rPois rF+++ MP-9 Str-4}
 28745 | D:15     | Reached XP level 16. HP: 142/142 MP: 17/22
 29065 | D:15     | Found a staircase to the Depths.
 29702 | Shoals:1 | Entered Level 1 of the Shoals
 30002 | Shoals:1 | Reached skill level 20 in Unarmed Combat
 30005 | Shoals:1 | Identified Roxanne's Incunabulum of the Figure
 30005 | Shoals:1 | Noticed Roxanne
 31732 | Shoals:1 | Killed Roxanne
 31994 | Shoals:1 | Learned a level 6 spell: Statue Form
 32104 | Shoals:2 | Reached skill level 1 in Earth Magic
 32785 | Shoals:2 | Noticed a kraken
 32785 | Shoals:2 | Noticed a kraken
 32795 | Shoals:2 | Killed a kraken
 32842 | Shoals:2 | Killed a kraken
 32977 | Shoals:2 | Noticed a kraken
 32984 | Shoals:2 | Killed a kraken
 33222 | Shoals:2 | Noticed a kraken
 33230 | Shoals:2 | Killed a kraken
 33297 | Shoals:2 | Noticed a kraken
 33663 | Shoals:2 | Killed a kraken
 34107 | Shoals:3 | Noticed a kraken
 34120 | Shoals:3 | Killed a kraken
 34121 | Shoals:3 | Reached XP level 17. HP: 79/151 MP: 10/23
 34605 | Shoals:3 | Found a runed translucent gate.
 34605 | Shoals:3 | Found a runed translucent gate.
 34605 | Shoals:3 | Found a runed translucent gate.
 34948 | Shoals:3 | Reached skill level 21 in Unarmed Combat
 35510 | Shoals:3 | Noticed Fab Sab's ghost (adept DsFi)
 35511 | Shoals:3 | Noticed Kof Pipt's ghost (adept DsHu)
 35511 | Shoals:3 | Noticed ShutUppercut's ghost (adept SpEn)
 35514 | Shoals:3 | Identified a scroll of acquirement
 35518 | Shoals:3 | Acquired 852 gold pieces
 35643 | Spider:1 | Entered Level 1 of the Spider Nest
 36441 | Spider:1 | Found a runed translucent door.
 36441 | Spider:1 | Found a shimmering altar of Xom.
 36441 | Spider:1 | Noticed cdecastro's ghost (adept HOFi)
 38120 | Spider:2 | Reached skill level 5 in Earth Magic
 38399 | Spider:2 | Paralysed by a jorogumo for 1 turns
 40211 | Spider:3 | Reached XP level 18. HP: 162/162 MP: 18/24
 41315 | Spider:4 | Entered Level 4 of the Spider Nest
 42131 | Spider:4 | HP: 7/162 [meliai/divine providence (14)]
 42132 | Spider:4 | Annihilated by a boulder beetle

Illustrated notes

Levels and vault maps discovered:
D:1:      lemuel_arrival_muddy, layout_rooms, minmay_misc_feat_room,
          minivault_25, minmay_misc_feat_chi
D:2:      layout_loops_corners, serial_shops, shop, uniq_natasha
D:3:      layout_basic, doesnt_xom_only_xom, ebering_ecumenical_altar_webs
D:4:      layout_cave_pods, minmay_temple_entry_mist
D:5:      layout_cave_pools, mainiacjoe_overflow_catch_the_wave,
          gammafunk_ghost_cemetery, portal_sewer_entry_a,
          kennysheep_another_room
D:6:      layout_loops_cross, kennysheep_okawaru_gauntlet,
          nicolae_dithmenos_shadow_blocks
D:7:      layout_loops_ring, nicolae_ru_sacrificial_ziggurat, uniq_pikel
D:8:      layout_loops_cross, dk_yredelemnul_ordeal,
          mainiacjoe_overflow_divided_tiny, lair_entry_dummy,
          minmay_misc_feat_secret_circle, grunt_ministairs_7,
          minmay_tree_intersection, minivault_24, lightli_minifort
D:9:      layout_irregular_city, serial_column_ruins,
          column_ruins_corridor_corner, column_ruins_corridor_dead_end,
          column_ruins_grid_4, column_ruins_grid_1, nicolae_wand_duel,
          minmay_puff, uniq_harold
D:10:     gammafunk_beogh_shrine, layout_rooms,
          grunt_temple_overflow_gold_and_silver, erik_orc_1, minmay_door_square,
          minmay_misc_feat_more_columns
D:11:     layout_loops_corners, minivault_16
D:12:     layout_roguey
D:13:     layout_irregular_city, hangedman_vaults_entry_quadrant_bands,
          gauntlet_entry_generic
D:14:     kennysheep_kobold_lugonu_temple, layout_stronghold, kennysheep_path_1,
          minivault_22, worldfamousw_hep_ancestral_shrine
D:15:     hangedman_depths_entry_try_elsewhere_first, layout_basic,
          nicolae_twisting_strands
Temple:   bh_familiar_temple
Lair:1:   layout_cave_pods, enter_volcano_3, portal_ice_cave_entry_imps,
          grunt_megastairs_5, serial_bayou_shore_b, uniq_sonja
Lair:2:   layout_hall_layers, nicolae_lair_grove_arrangements,
          lemuel_oklob_altar, uniq_erica
Lair:3:   layout_cave_pods, minmay_shoals_entry_hut,
          spider_nest_entry_funnel_web, st_stairs_5,
          grunt_forest_large_clearings, uniq_amaemon
Lair:4:   layout_regular_city, slime_entry_1
Lair:5:   hellmonk_lair_end_abyssal_woods, layout_cave_pods,
          nicolae_quartered_pool_little, kilobyte_rumbling_trees
Shoals:1: layout_shoals, nicolae_shoals_spectral_cove, uniq_roxanne
Shoals:2: layout_shoals, nicolae_shoals_kraken_party
Shoals:3: layout_shoals, gammafunk_ghost_cemetery
Spider:1: layout_spider_delve, ebering_ghost_xom, hellmonk_test_site
Spider:2: layout_spider_delve, hangedman_stitches_earthworm
Spider:3: layout_spider_delve, nicolae_spider_eight_legs
Spider:4: hellmonk_spider_rune_bug_friends
Orc:1:    layout_caves, serial_shops, shop
Orc:2:    grunt_orc_tribal_feast, layout_caves, serial_shops, shop

Skill      XL: |  1  2  3  4  5  6  7  8  9 10 11 12 13 14 15 16 17 18 |
---------------+-------------------------------------------------------+-----
Transmutations | 3 4 5 6 7 10 11 13 14 | 14.1
Unarmed Combat | 4 5 6 7 9 10 11 12 13 15 17 18 19 20 21 | 21.8
Spellcasting   | 3 4 |  4.9
Ice Magic      | 2 4 |  4.0
Fighting       | 3 6 7 10 12 14 16 17 18 19 20 | 20.0
Dodging        | 4 7 9 |  9.0
Stealth        | 2 5 6 |  6.0
Evocations     | 3 7 8 |  8.0
Earth Magic    | 3 5 6 |  6.3

Action                     |  1- 3 |  4- 6 |  7- 9 | 10-12 | 13-15 | 16-18 || total
---------------------------+-------+-------+-------+-------+-------+-------++-------
  Melee: Unarmed           |   113 |   174 |   420 |   553 |   908 |   839 ||  3007
         Punch             |     1 |     4 |    11 |     9 |    97 |   119 ||   241
         Headbutt          |    15 |    19 |    26 |     3 |       |       ||    63
         Tailslap          |       |       |     1 |       |       |    20 ||    21
   Cast: Beastly Appendage |    21 |    23 |    27 |     6 |       |       ||    77
         Spider Form       |       |     4 |    14 |     8 |       |       ||    26
         Wereblood         |       |     2 |     6 |     2 |     4 |       ||    14
         Ice Form          |       |       |     3 |    39 |     9 |    10 ||    61
         Blade Hands       |       |       |       |     7 |    91 |    92 ||   190
         Statue Form       |       |       |       |       |       |     2 ||     2
 Invoke: Serpent's Lash    |       |       |       |     3 |     9 |    17 ||    29
Ability: Lunge             |       |       |    18 |    55 |   119 |   109 ||   301
         Whirlwind         |       |       |     1 |   184 |   292 |   268 ||   745
         Evoke Blink       |       |       |       |       |       |     2 ||     2
    Use: Potion            |     1 |     1 |     5 |       |     4 |     7 ||    18
         Scroll            |       |     4 |     3 |       |    17 |     6 ||    30
   Stab: Sleeping          |       |     1 |       |     6 |     5 |     3 ||    15
         Distracted        |       |       |       |     2 |       |     1 ||     3
 Armour: Robe              |    23 |    27 |    49 |     8 |   100 |   100 ||   307
         Skin              |       |    38 |     5 |    44 |    12 |    35 ||   134
  Dodge: Dodged            |    80 |   113 |   264 |   226 |   476 |   540 ||  1699
  Block: Other             |       |       |    85 |    76 |    39 |       ||   200
         Reflection        |       |       |     2 |     7 |     1 |       ||    10
